AoeStats
← 没麦打尼玛CSGO(下等马户

Arena

510090728Analyzed
4v4 RM · 1d ago on Sep 29, 2026· 21m 0s· 8 players
Game mode
Random Map
Map size
Large (8 player)
Population
200
Speed
Normal
Resources
Standard
Victory
Conquest
Starting age
Dark Age
Ending age
Imperial Age
RankedLock teamsTeams togetherTeam positionsShared explorationLock speedFull tech treeHidden civsTurbo modeCheats
Victory
Defeat
🇨🇳 Bohemians · China
1456
+8
🇨🇳 Romans · China
1330
+13
🇨🇳 Franks · China
1278
+15
🇨🇳 Khmer · China
1224
+16
🇨🇳 Bulgarians · China
1260
-13
🇭🇰 Danes · Hong Kong SAR China
1259
-13
🇨🇳 Georgians · China
1258
-13
joeip
9:21 Loom
11:07 Feudal Age
13:27 Double-Bit Axe
13:27 Horse Collar
15:56 Castle Age
仙逆许木
11:02 Feudal Age
12:01 Double-Bit Axe
14:53 Castle Age
13:05 Horse Collar
16:14 Bow Saw
16:34 Heavy Plow
17:26 Wheelbarrow
run
10:46 Feudal Age
14:27 Castle Age
12:27 Double-Bit Axe
12:52 Horse Collar
16:16 Gambesons
17:51 Loom
18:54 Squires
20:40 Scale Mail Armor
没麦打尼玛CSGO(下等马户
10:58 Feudal Age
11:41 Double-Bit Axe
12:08 Horse Collar
14:37 Castle Age
赤道大变了
9:51 Feudal Age
9:20 Loom
13:30 Castle Age
11:18 Double-Bit Axe
11:52 Horse Collar
15:03 Bow Saw
19:37 Wheelbarrow
青铜斗士
12:13 Feudal Age
16:00 Castle Age
14:12 Double-Bit Axe
20:13 Bow Saw
21:02 Gold Mining
大空魔术师
10:51 Feudal Age
14:43 Castle Age
13:13 Double-Bit Axe
13:32 Horse Collar
14:59 Padded Archer Armor
18:54 Fletching
马虎
10:18 Feudal Age
13:47 Castle Age
11:51 Double-Bit Axe
12:30 Horse Collar
13:49 Loom
Connection lost

Rejoining the realm…

Still unreachable

The connection could not be restored.

Session expired

The server has moved on; the page needs a fresh start.